 Dungeon Crawl Stone Soup version 0.23-a0-141-g456867d (webtiles) character file.

378 Amnesiac the Bolt Thrower (level 6, -10/43 HPs)
             Began as a Mummy Arcane Marksman on Aug 31, 2018.
             Mangled by an ogre
             ... wielding a +0 giant spiked club
              (17 damage)
             ... on level 4 of the Dungeon.
             The game lasted 00:03:11 (2794 turns).

Amnesiac the Bolt Thrower (Mummy Arcane Marksman)   Turns: 2794, Time: 00:03:12

Health: -10/43     AC: 10    Str: 20    XL:     6   Next: 45%
Magic:  9/9        EV:  8    Int: 14    God:
Gold:   126        SH:  0    Dex: 12    Spells: 6/9 levels left

rFire    . . .     SeeInvis .   b - +4 dagger (venom)
rCold    + . .     Gourm    .   (no shield)
rNeg     + + +     Faith    .   p - +2 chain mail {rF+}
rPois    ∞         Spirit   .   (no helmet)
rElec    .         Reflect  .   (no cloak)
rCorr    .         Harm     .   (no gloves)
MR       .....                  (no boots)
Stlth    ..........             g - amulet of regeneration
HPRegen  0.54/turn              i - +6 ring of strength
MPRegen  0.11/turn              (no ring)

@: no status effects
A: no food or potions, fire vulnerability, cold resistance 1, negative energy
resistance 3, torment resistance, unbreathing
a: no special abilities


You were on level 4 of the Dungeon.
You were not hungry.

You visited 1 branch of the dungeon, and saw 4 of its levels.

You collected 126 gold pieces.

Inventory:

Hand Weapons
 a - a +0 hand crossbow
 b - a +4 dagger of venom (weapon)
Missiles
 d - 85 bolts
Armour
 p - a +2 chain mail of fire resistance (worn)
Jewellery
 g - an amulet of regeneration (around neck)
 i - a +6 ring of strength (left hand)
 l - an uncursed amulet of magic regeneration
Wands
 e - a wand of digging (7)
Scrolls
 c - 2 scrolls of teleportation {!r}
 j - a scroll of remove curse {!r}
 k - a scroll of blinking {!r}
 n - 2 scrolls of enchant armour {!r}


   Skills:
 - Level 1.0 Fighting
 * Level 5.4 Crossbows
 - Level 1.5 Dodging
 - Level 2.4 Spellcasting
 - Level 3.0 Hexes


You had 6 spell levels left.
You knew the following spells:

 Your Spells              Type           Power        Failure   Level  Hunger
a - Corona                Hex            ##.....      63%         1    N/A
e - Slow                  Hex            ##......     77%         2    N/A

Your spell library contained the following spells:

 Spells                   Type           Power        Failure   Level  Hunger
 Inner Flame              Hex/Fire       #.......     99%         3    N/A
 Portal Projectile        Hex/Tloc       #.....       99%         3    N/A
 Cause Fear               Hex            ##........   100%        4    N/A
 Leda's Liquefaction      Hex/Erth       #.........   100%        4    N/A
 Metabolic Englaciation   Hex/Ice        #.........   100%        5    N/A
 Bolt of Cold             Conj/Ice       #.........   100%        6    N/A
 Freezing Cloud           Conj/Ice/Air   #.........   100%        6    N/A
 Ozocubu's Refrigeration  Ice            #.........   100%        6    N/A
 Simulacrum               Ice/Necr       #.........   100%        6    N/A
 Ice Form                 Ice/Tmut       Unusable     N/A         4    N/A

Dungeon Overview and Level Annotations

Branches:
Dungeon (4/15)
 Temple: D:4-7

Altars:


Innate Abilities, Weirdness & Mutations

You do not eat or drink.
Your flesh is vulnerable to fire.
You are immune to poison.
Your flesh is cold resistant. (rC+)
You are immune to negative energy. (rN+++)
You are immune to unholy pain and torment.
You can survive without breathing.


Message History

You hit the jackal.
The jackal is poisoned.
The jackal is moderately wounded.
The jackal barely misses you.
Your chain mail prevents you from hitting the jackal.
The jackal is moderately wounded.
The jackal closely misses you.
You closely miss the jackal.
The jackal is moderately wounded.
The jackal bites you but does no damage. x2
You hit the jackal.
You kill the jackal!
You see here a jackal corpse.
Really read
c - 3 scrolls labeled QILUOPN ZIZEIF {!r}?
As you read the scroll labeled QILUOPN ZIZEIF {!r}, it crumbles to dust.
You feel strangely unstable.
It was a scroll of teleportation {!r}.
Your surroundings suddenly seem different.
Found a fuming green potion and a ration.
Okay, then.
Drop what? 16/52 slots (_ for help) (? for menu, Esc to quit)
You drop a scroll of immolation {!r}.
Really read
o - a scroll of identify {!r}?
As you read the scroll of identify {!r}, it crumbles to dust.
k - a scroll of blinking {!r} Really read
h - a scroll labeled JIHOAC NIPIRCH {!r}?
As you read the scroll labeled JIHOAC NIPIRCH {!r}, it crumbles to dust.
You feel aware of your surroundings.
It was a scroll of magic mapping {!r}.
Really read
f - a scroll labeled BEHUFO WAWESK {!r}?
As you read the scroll labeled BEHUFO WAWESK {!r}, it crumbles to dust.
It is a scroll of amnesia.
Okay, then.
Unknown command.
Okay, then.
A giant cockroach comes into view.
Found a stone staircase leading down.
A giant cockroach is nearby!
A giant cockroach is nearby!
You hit the giant cockroach.
You kill the giant cockroach!
No target in view!
No target in view!
No target in view!
An ogre comes into view. It is wielding a giant spiked club.
The ogre shouts!
Found a scroll of teleportation.
An ogre is nearby!
The ogre hits you with a giant spiked club!
An ogre is nearby!
Your chain mail prevents you from hitting the ogre.
The ogre hits you with a giant spiked club!!
* * * LOW HITPOINT WARNING * * *
You hit the ogre.
The ogre is moderately wounded.
The ogre barely misses you.
You hit the ogre but do no damage.
The ogre is moderately wounded.
You hit the ogre.
The ogre is moderately wounded.
The ogre hits you with a giant spiked club!
* * * LOW HITPOINT WARNING * * *
You are too injured to fight recklessly!
You barely miss the ogre.
The ogre is moderately wounded.
The ogre hits you with a giant spiked club!
You die...

,,,,,,,#....###?..!#,,.....#.##..
,,,,,,,***#....%####,*###.##.###.
,,,,,,,* #...### **,,,..........
,,,,,,,* #.#...###<,***#<.#.###.
**,***** #..##.#..,,# *#.#.###.
*,* ##.##.#.#*.# #...##.. *,*
#.##.#.#?.# **#....# *,*
#†.#.#...#* #....# *,* ##...@O.#*
#.#).† *,* **#.>...## #...#. *,*
*#.....### #..##. *,* #...####
##########..### *,* ###...*
##...#...##..# *,* #....#*
##.........#..### #.#* #.#..*
#.............#.. #..* #.#.#*
#...............# *#.####.#.##
#..............##


You could see an ogre.

Vanquished Creatures
  A centaur (D:3)
  An orc priest (D:4)
  Jessica (D:3)
  3 orc wizards
  A worker ant (D:4)
  4 adders
  4 oozes
  13 orcs
  3 giant cockroaches
  5 goblins
  9 hobgoblins
  3 jackals
  3 quokkas
  4 ball pythons
  9 bats
  6 kobolds
  A quokka skeleton (D:4)
  5 rats
76 creatures vanquished.

Notes
Turn   | Place    | Note
-------+----------+-------------------------------------------
     0 | D:1      | Amnesiac the Mummy Arcane Marksman began the quest for the
                  | Orb.
     0 | D:1      | Reached XP level 1. HP: 15/15 MP: 2/2
    57 | D:1      | Reached skill level 2 in Crossbows
    57 | D:1      | Reached XP level 2. HP: 21/21 MP: 4/4
    62 | D:1      | Learned a level 2 spell: Slow
   431 | D:1      | Reached XP level 3. HP: 26/26 MP: 5/5
  1270 | D:3      | Reached skill level 3 in Crossbows
  1404 | D:3      | Noticed Jessica
  1408 | D:3      | Killed Jessica
  1408 | D:3      | Reached XP level 4. HP: 32/32 MP: 6/6
  1669 | D:2      | Reached skill level 4 in Crossbows
  1691 | D:2      | Reached XP level 5. HP: 37/37 MP: 7/7
  2072 | D:3      | Noticed a centaur
  2083 | D:3      | Killed a centaur
  2530 | D:4      | Reached XP level 6. HP: 33/43 MP: 9/9
  2604 | D:4      | Reached skill level 5 in Crossbows
  2794 | D:4      | Mangled by an ogre

Vault maps used:
D:1:      mrwooster_arrival_statue_2, serial_forest, infiniplex_forest_pool,
          infiniplex_forest_clump_long, infiniplex_forest_zigzag_1,
          infiniplex_forest_straight_3, infiniplex_forest_clump_medium,
          infiniplex_forest_zigzag_1, infiniplex_forest_clump_diagonal
D:2:      first_ration
D:3:      minmay_randomly_rotated_circles, uniq_jessica

Skill      XL: |  1  2  3  4  5  6 |
---------------+-------------------+-----
Crossbows      | 2 3 4 5 |  5.4
Hexes          | 3 |  3.0
Spellcasting   | 2 |  2.4
Fighting       | |  1.0
Dodging        | |  1.5

Action                   |  1- 3 |  4- 6 || total
-------------------------+-------+-------++-------
Melee: Dagger            |       |   138 ||   138
 Fire: Hand crossbow     |    72 |     1 ||    73
  Use: Scroll            |       |     8 ||     8
Armor: Robe              |     5 |       ||     5
       Ring mail         |     2 |    10 ||    12
       Chain mail        |       |    62 ||    62
Dodge: Dodged            |    16 |    59 ||    75

Table legend:
 A = Non-vault XP
 B = Vault XP
 C = Vault XP percentage of total XP
 D = Non-vault monster count
 E = Vault monster count
 F = Vault count percentage of total count
                 A         B        C        D         E       F
            +---------+---------+-------+---------+---------+-------
      Total |     487 |      53 |   9.8 |      69 |       7 |   9.2
            +---------+---------+-------+---------+---------+-------
        D:1 |      50 |       0 |   0.0 |      21 |       0 |   0.0
        D:2 |      71 |       0 |   0.0 |      12 |       0 |   0.0
        D:3 |     179 |      53 |  22.8 |      18 |       7 |  28.0
        D:4 |     187 |       0 |   0.0 |      18 |       0 |   0.0
            +---------+---------+-------+---------+---------+-------
